 Dungeon Crawl Stone Soup version 0.22-a0-422-g9628fc87f1 (webtiles) character file.

3088 JackS81 the Cleaver (level 9, -4/68 HPs)
             Began as a Demonspawn Gladiator on Feb 1, 2018.
             Was a Believer of Wu Jian.
             Slain by Kriby's ghost (7 damage)
             ... on level 7 of the Dungeon on May 20, 2018.
             The game lasted 00:32:12 (8255 turns).

JackS81 the Cleaver (Demonspawn Gladiator)          Turns: 8255, Time: 00:32:13

Health: -4/68      AC:  8    Str: 14    XL:     9   Next: 59%
Magic:  9/9        EV: 16    Int: 10    God:    Wu Jian [**....]
Gold:   482        SH:  0    Dex: 18    Spells: 5/8 levels left

rFire    + . .     SeeInvis .   a - +0 war axe
rCold    . . .     Gourm    .   (no shield)
rNeg     . . .     Faith    .   H - +0 leather armour {rF+}
rPois    .         Spirit   .   u - +2 helmet
rElec    .         Reflect  .   (no cloak)
rCorr    .         Harm     .   (no gloves)
MR       .....                  (no boots)
Stlth    +++.......             (no amulet)
HPRegen  0.21/turn              (no ring)
MPRegen  0.11/turn              (no ring)

@: no status effects
A: hooves 2, icy blue scales 1, foul stench 1, nightstalker 1, rot immunity
a: Wall Jump, Renounce Religion


You were on level 7 of the Dungeon.
You worshipped Wu Jian.
Wu Jian was pleased with you.
You were not hungry.

You visited 1 branch of the dungeon, and saw 7 of its levels.

You collected 482 gold pieces.

Inventory:

Hand Weapons
 a - a +0 war axe (weapon)
 k - a cursed -2 short sword
 z - the cursed +1 dagger of Traps {flame, +Blink Str-3 Int+8}
   (You found it on level 4 of the Dungeon)

   It has been specially enchanted to burn those struck by it, causing extra
   injury to most foes and up to half again as much damage against particularly
   susceptible opponents.
   It affects your strength (-3).
   It affects your intelligence (+8).
   It lets you blink.
   It has a curse placed upon it.
Missiles
 d - 3 throwing nets
 g - 23 poisoned needles
 l - 271 stones
 r - 185 arrows
 t - 50 bolts
 x - 18 sling bullets
 y - 3 javelins (quivered)
Armour
 b - a +0 leather armour
 c - a +0 helmet
 u - a +2 helmet (worn)
 v - a +0 shield
 A - a +1 leather armour of cold resistance
 H - a +0 leather armour of fire resistance (worn)
Magical Staves
 J - a cursed staff of conjuration {unknown}
Jewellery
 n - a cursed -2 ring of protection {unknown}
 w - an uncursed amulet of magic regeneration
Scrolls
 e - 5 scrolls of remove curse {unknown}
 h - 4 scrolls of magic mapping
 i - 2 scrolls of teleportation
 j - 2 scrolls of amnesia {unknown}
 p - a scroll of enchant weapon {unknown}
 s - a scroll of blinking {unknown}
 B - 3 scrolls of fog {unknown}
 C - 2 scrolls of fear {unknown}
 F - 3 scrolls of identify
 G - a scroll of random uselessness {unknown}
 L - a scroll of vulnerability {unknown}
Potions
 m - a potion of might
 o - a potion of cancellation {unknown}
 q - a potion of heal wounds {unknown}
 D - 2 potions of brilliance {unknown}
 E - a potion of curing
 I - 2 potions of invisibility {unknown}
 K - a potion of lignification {unknown}
Comestibles
 f - 9 rations


   Skills:
 * Level 5.1 Fighting
 * Level 9.2 Axes
 - Level 1.7 Throwing
 + Level 3.2 Armour
 * Level 6.0 Dodging
 * Level 3.9 Stealth


You had 5 spell levels left.
You knew the following spells:

 Your Spells              Type           Power        Failure   Level  Hunger
a - Regeneration          Chrm/Necr      #.........   80%         3    ####...

Your spell library contained the following spells:

 Spells                   Type           Power        Failure   Level  Hunger
 Apportation              Tloc           #.....       43%         1    ##.....
 Summon Small Mammal      Summ           #...         43%         1    ##.....
 Animate Dead             Necr           N/A          99%         4    #####..
 Pain                     Necr           #...         43%         1    ##.....
 Animate Skeleton         Necr           N/A          43%         1    ##.....
 Vampiric Draining        Necr           #.........   80%         3    ####...
 Confusing Touch          Hex            #.....       43%         1    ##.....


Dungeon Overview and Level Annotations

Branches:
Dungeon (7/15)             Temple (0/1) D:7

Altars:
Qazlal
Ru
Sif Muna
Wu Jian
Xom

Shops:
D:6 *!

Annotations:
D:6 2 transporters
D:7 Kriby's ghost, novice SpGl


Innate Abilities, Weirdness & Mutations

You have hoof-like feet.
You are partially covered in icy blue scales. (AC +2)
You may emit foul miasma when damaged in melee.
You are slightly more attuned to the shadows.
You are immune to rotting.


Message History

Kriby's ghost is lightly damaged.
Kriby's ghost hits you!
* * * LOW HITPOINT WARNING * * *
You slash Kriby's ghost! Your kick misses Kriby's ghost.
Kriby's ghost is moderately damaged.
Kriby's ghost hits you but does no damage.
You completely miss Kriby's ghost. Your kick misses Kriby's ghost.
Kriby's ghost is moderately damaged.
Kriby's ghost barely misses you.
You miss Kriby's ghost.
Kriby's ghost is moderately damaged.
Kriby's ghost barely misses you.
You closely miss Kriby's ghost.
Kriby's ghost is moderately damaged.
Kriby's ghost hits you!
* * * LOW HITPOINT WARNING * * *
You hit Kriby's ghost but do no damage. Your kick misses Kriby's ghost.
Kriby's ghost is moderately damaged.
Kriby's ghost hits you!
You die...

###.#.#.# #...........#####..####
#<....#.# ###.##########.........
..#.###.#####.##...........#..###
#.#.........#.##.#######.#.#.....
#.#####.###.#.##'#<......#.##.#.#
#.......# #.#.#.....####.#.##.#.#
###########.#.#.....# #.#.##.#..
............#.#.....######.##.###
##########..#...@..........##....
#.......##..W.##.############
#.####.###................... #.#
#...........#.########## #.#
#.#)###.##.##.# #.# #.#.#
#.......#### #.# #.#.#
####.##....# #.# #.#.#
####.##....# #.# #.#.#
#..........#


You could see Kriby's ghost.

Vanquished Creatures
  Sigmund (D:4)
  4 hogs (D:7)
  A human (D:7)
  Duvessa (D:6)
  2 sky beasts (D:7)
  A phantom (D:4)
  A black bear (D:7)
  An orc warrior (D:7)
  3 ogres
  2 bullfrogs (D:7)
  Dowan (D:6)
  A water moccasin zombie (D:7)
  3 scorpions
  A howler monkey (D:7)
  4 crimson imps
  3 bullfrog skeletons
  A quasit (D:7)
  2 hounds
  4 orc priests
  5 orc wizards
  8 worker ants
  15 adders
  A shadow imp (D:6)
  An adder skeleton (D:7)
  3 worms
  4 dart slugs
  5 leopard geckos
  17 orcs
  9 bats
  A giant cockroach (D:1)
  12 goblins
  6 hobgoblins
  2 jackals (D:1)
  4 quokkas
  2 ball pythons
  6 frilled lizards
  8 kobolds
  A quokka zombie (D:5)
  5 rats
152 creatures vanquished.

Notes
Turn   | Place    | Note
-------+----------+-------------------------------------------
     0 | D:1      | JackS81 the Demonspawn Gladiator began the quest for the Orb.
     0 | D:1      | Reached XP level 1. HP: 16/16 MP: 1/1
    81 | D:1      | Found a shimmering altar of Xom.
   262 | D:1      | Reached skill level 3 in Axes
   262 | D:1      | Gained mutation: You have large cloven feet. [demonic ancestry]
   262 | D:1      | Reached XP level 2. HP: 17/22 MP: 2/2
   493 | D:1      | Reached XP level 3. HP: 27/27 MP: 3/3
   857 | D:2      | Reached XP level 4. HP: 21/33 MP: 4/4
   968 | D:2      | Reached skill level 4 in Axes
  1470 | D:3      | Found a deep blue altar of Sif Muna.
  1746 | D:3      | Found a sacrificial altar of Ru.
  1746 | D:3      | Found an ornate altar of the Wu Jian Council.
  1815 | D:3      | Noticed an ogre
  1823 | D:3      | Killed an ogre
  1823 | D:3      | Reached skill level 1 in Armour
  1823 | D:3      | Gained mutation: You are partially covered in icy blue scales. (AC +2) [demonic ancestry]
  1823 | D:3      | Reached XP level 5. HP: 12/38 MP: 5/5
  2331 | D:3      | Reached skill level 5 in Axes
  2343 | D:3      | Upgraded the game from 0.22-a0-135-g6f012ad52b to 0.22-a0-161-g198051cff3
  2343 | D:3      | Upgraded the game from 0.22-a0-161-g198051cff3 to 0.22-a0-422-g9628fc87f1
  2492 | D:3      | Became a worshipper of the Wu Jian Council
  2520 | D:4      | Noticed a phantom
  2529 | D:4      | Noticed Sigmund
  2732 | D:4      | Gained mutation: You are immune to rotting. [demonic ancestry]
  2732 | D:4      | Reached XP level 6. HP: 8/45 MP: 6/6
  3208 | D:4      | Got a crystal dagger
  3654 | D:4      | Killed Sigmund
  3654 | D:4      | Reached skill level 6 in Axes
  3654 | D:4      | Gained mutation: You are slightly more attuned to the shadows. [demonic ancestry]
  3654 | D:4      | Reached XP level 7. HP: 24/51 MP: 7/7
  4249 | D:5      | Entered Level 5 of the Dungeon
  4325 | D:5      | Identified the cursed +1 dagger of Traps {flame, +Blink Str-3 Int+8} (You found it on level 4 of the Dungeon)
  4388 | D:5      | Reached skill level 1 in Stealth
  4602 | D:5      | Reached * piety under Wu Jian
  4602 | D:5      | Reached skill level 7 in Axes
  4789 | D:6      | Gained mutation: You have hoof-like feet. [demonic ancestry]
  4789 | D:6      | Reached XP level 8. HP: 56/58 MP: 8/8
  5216 | D:6      | Found Welathross's Distillery.
  5263 | D:6      | Found Ufiulonk's Assorted Antiques.
  5434 | D:6      | Found a transporter.
  5442 | D:6      | Noticed a kobold demonologist
  5453 | D:6      | Noticed a kobold demonologist
  5460 | D:6      | Found a transporter.
  5480 | D:6      | Found a stormy altar of Qazlal.
  5481 | D:6      | Noticed an air elemental
  5750 | D:6      | Noticed Dowan
  5759 | D:6      | Noticed Duvessa
  5765 | D:6      | Killed Duvessa
  5775 | D:6      | Killed Dowan
  6144 | D:7      | Found a staircase to the Ecumenical Temple.
  6338 | D:7      | Reached skill level 8 in Axes
  6597 | D:7      | Noticed Kriby's ghost (novice SpGl)
  6615 | D:7      | Reached skill level 5 in Dodging
  6962 | D:7      | Gained mutation: You may emit foul miasma when damaged in melee. [demonic ancestry]
  6962 | D:7      | Reached XP level 9. HP: 57/66 MP: 9/9
  7101 | D:7      | Learned a level 3 spell: Regeneration
  7161 | D:7      | Reached ** piety under Wu Jian
  7395 | D:7      | Reached skill level 9 in Axes
  7406 | D:7      | HP: 2/67 [hog (10)]
  7407 | D:7      | Reached skill level 5 in Fighting
  8254 | D:7      | HP: 3/68 [Kriby's ghost (8)]
  8255 | D:7      | Slain by Kriby's ghost

Vault maps used:
D:1:      lemuel_arrival_funnel, xom_teletrap_fun
D:2:      minmay_misc_feat_more_columns, guppyfry_early_lair_pool, uniq_sigmund
D:3:      gammafunk_temple_overflow_wave, first_ration, lemuel_blue_sif_altar
D:6:      gammafunk_wand_slinger, nicolae_qazlal_style_of_elements,
          serial_shops, nicolae_shop_trees, shop, uniq_duvessa
D:7:      minmay_temple_entry_grid, grunt_livestock

Skill      XL: |  1  2  3  4  5  6  7  8  9 |
---------------+----------------------------+-----
Axes           | 3 4 5 6 7 8 9 |  9.2
Dodging        | 3 4 5 6 |  6.0
Armour         | 1 2 3 |  3.2
Fighting       | 3 4 5 |  5.1
Stealth        | 1 3 |  3.9
Throwing       | |  1.7

Action                   |  1- 3 |  4- 6 |  7- 9 || total
-------------------------+-------+-------+-------++-------
Melee: War axe           |   101 |   167 |   383 ||   651
       Kick              |    12 |    45 |    99 ||   156
Throw: Javelin           |       |       |     9 ||     9
       Throwing net      |       |       |     1 ||     1
Invok: Lunge             |       |     5 |    26 ||    31
       Whirlwind         |       |       |    58 ||    58
  Use: Scroll            |       |     4 |     3 ||     7
       Potion            |       |     4 |     3 ||     7
 Stab: Sleeping          |       |       |     8 ||     8
  Eat: Chunk             |       |     6 |     6 ||    12
       Ration            |       |     1 |     3 ||     4
Armor: Leather armour    |    29 |    46 |   123 ||   198
Dodge: Dodged            |   103 |   112 |   255 ||   470

Table legend:
 A = Spawn XP
 B = Non-spawn XP
 C = Spawn XP percentage of total XP
 D = Spawn monster count
 E = Non-spawn monster count
 F = Spawn count percentage of total count
 G = Total turns spent on level
                    A         B        C        D         E        F      G
               +---------+---------+-------+---------+---------+-------+---------
         Total |       0 |    4412 |   0.0 |       0 |     152 |   0.0 |  8255
               +---------+---------+-------+---------+---------+-------+---------
           D:1 |       0 |      51 |   0.0 |       0 |      27 |   0.0 |   710
           D:2 |       0 |      75 |   0.0 |       0 |      18 |   0.0 |   578
           D:3 |       0 |     205 |   0.0 |       0 |      25 |   0.0 |  1412
           D:4 |       0 |     694 |   0.0 |       0 |      18 |   0.0 |  1549
           D:5 |       0 |     381 |   0.0 |       0 |      19 |   0.0 |   507
           D:6 |       0 |     451 |   0.0 |       0 |      11 |   0.0 |  1360
           D:7 |       0 |    2555 |   0.0 |       0 |      34 |   0.0 |  2139
               +---------+---------+-------+---------+---------+-------+---------
